 Dungeon Crawl Stone Soup version 0.30-a0-137-gd8773701ce (webtiles) character file.

Game seed: 7212318345746302360

89 zishaf the Vexing (level 4, -1/32 HPs)
             Began as a Vampire Enchanter on Sept 22, 2022.
             Slain by an orc wizard
             ... wielding a +0 dagger
              (3 damage)
             ... on level 4 of the Dungeon.
             The game lasted 00:05:39 (3175 turns).

zishaf the Vexing (Vampire Enchanter)               Turns: 3175, Time: 00:05:39

Health: -1/32      AC:  3    Str:  7    XL:     4   Next: 31%
Magic:  2/7        EV: 12    Int: 19    God:
Gold:   167        SH:  0    Dex: 14    Spells: 2/7 levels left

rFire   . . .      SeeInvis +    a - +1 dagger
rCold   . . .      Faith    .    (no shield)
rNeg    . . .      Spirit   .    o - +0 leather armour of Leudwiho {Will+}
rPois   .          Reflect  .    (no helmet)
rElec   .          Harm     .    (no cloak)
rCorr   .          Rampage  .    (no gloves)
Will    +....                    (no boots)
Stlth   +++.......               (no amulet)
HPRegen 0.30/turn                (no ring)
MPRegen 0.10/turn                (no ring)

@: healing quickly
A: alive, fangs 3, see invisible, vampiric 2
a: Exsanguinate


You were on level 4 of the Dungeon.
You visited 1 branch of the dungeon, and saw 4 of its levels.

You collected 167 gold pieces.

Inventory:

Hand Weapons
 a - a +1 dagger (weapon)
 q - a +0 long sword
Missiles
 r - 5 curare-tipped darts (quivered)
Armour
 b - a +0 robe
 o - the +0 leather armour of Leudwiho (worn) {Will+}
   (You found it on level 3 of the Dungeon)

   Will:      It increases your willpower.
Scrolls
 g - a scroll of summoning {unknown}
 h - 3 scrolls of identify {unknown}
 j - 4 scrolls of fear {unknown}
Potions
 c - 3 potions of invisibility
 d - 2 potions of flight {unknown}
 e - a potion of degeneration {unknown}
 i - a potion of might {unknown}
 k - a potion of mutation {unknown}
 l - a potion of brilliance {unknown}
 m - 2 potions of ambrosia {unknown}
 n - 2 potions of curing {unknown}


   Skills:
 + Level 1.3 Fighting
 + Level 2.1 Short Blades
 + Level 2.9 Dodging
 + Level 5.1 Stealth
 - Level 2.0 Spellcasting
 + Level 5.1 Hexes
 + Level 0.9 Ice Magic


You had 2 spell levels left.
You knew the following spells:

 Your Spells              Type           Power      Damage    Failure   Level
a - Ensorcelled Hibernat  Hex/Ice        26%        N/A       11%         2
b - Confusing Touch       Hex            21%        N/A       9%          3

Your spell library contained the following spells:

 Spells                   Type           Power      Damage    Failure   Level
 Sting                    Tmut/Pois      4%         1d3       26%         1
 Tukima's Dance           Hex            21%        N/A       9%          3
 Dazzling Flash           Conj/Hex       22%        N/A       26%         3


Dungeon Overview and Level Annotations

Branches:
Dungeon (4/15)
 Temple: D:4-7

Altars:

Portals:
Ossuary: D:4


Innate Abilities, Weirdness & Mutations

Your natural rate of healing is accelerated.
You have razor-sharp teeth.
You have supernaturally acute eyesight. (SInv)
You are afflicted with vampirism and can become a bat while bloodless.


Message History

Aiming: Ensorcelled Hibernation (safe; 11% risk of failure)
Press: ? - help, Shift-Dir - straight line, f - hobgoblin
Aim: a hobgoblin (chance to affect: 64%)
The hobgoblin looks drowsy...
The kobold shouts!
A giant cockroach comes into view.
The helpless hobgoblin fails to defend itself.
You impale the hobgoblin!!
You kill the hobgoblin!
You aren't carrying any items that you can evoke.
Okay, then.
Okay, then.
You hit the mummy but do no damage. You hit the mummy but do no damage.
An adder comes into view.
The giant cockroach barely misses you. The mummy hits you!
Unknown command.
The adder hisses angrily.
You hit the mummy. You bite the mummy, but do no damage.
The mummy is lightly damaged.
The giant cockroach barely misses you.
An orc wizard comes into view. It is wielding a +0 dagger.
You hit the mummy.
The mummy is moderately damaged.
The giant cockroach misses you. The mummy hits you.
You hit the mummy but do no damage.
The mummy is moderately damaged.
The giant cockroach bites you. The mummy hits you!
* * * LOW HITPOINT WARNING * * *
A quokka comes into view.
The giant cockroach barely misses you.
The quokka moves out of view.
You barely miss the kobold. You bite the kobold.
You kill the kobold!
The giant cockroach bites you but does no damage.
As you read the scroll labelled ZALEBYAME, it crumbles to dust.
The creatures around you are filled with an inner flame!
It was a scroll of immolation.
The giant cockroach bites you.
* * * LOW HITPOINT WARNING * * *
The orc wizard hits you with a +0 dagger.
You die...

#..................,*,,,,,,,,,,**
#........>............,,,,,,,,,**
#................##..,,,,,,,,,,,,
#.........#.#.......#*,.,,,,,,,,*
#######..##.#....Bo.##..,,,,,,,,*
*#..###.#...........,,,,,,,,,
*#..##.#....JS......#,,,*,,,,*
#..##..#.####Bo..#****,,,,,,,,
#.##∩..'...)M@#*** *,**,,,,,
#.,##..#...#### *,,*,,,,,
**,,##.#...# **,,,,,,,
**,,###...# **,,,,,, **,,*#...#
**,,,,, *,,,#...# *,,,,,
*,,,....# **,,,, *,,.....# *,,,,
****##### *,,,,


You could see a mummy (inner flame), 2 orc wizards, an adder (inner flame), an
endoplasm (inner flame) and 2 giant cockroaches.

Vanquished Creatures
  3 adders
  A worm (D:3)
  2 orcs
  7 ball pythons
  5 endoplasms
  4 goblins
  4 hobgoblins
  3 jackals (D:1)
  3 quokkas
  5 bats
  3 frilled lizards
  9 kobolds
  7 rats
56 creatures vanquished.

Vanquished Creatures (others)
  3 fungi (D:3)
  2 plants (D:3)
5 creatures vanquished.

Grand Total: 61 creatures vanquished

Notes
Turn   | Place    | Note
-------+----------+-------------------------------------------
     0 | D:1      | zishaf the Vampire Enchanter began the quest for the Orb.
     0 | D:1      | Reached XP level 1. HP: 13/13 MP: 3/3
   149 | D:1      | Reached XP level 2. HP: 19/20 MP: 5/5
   186 | D:1      | Learned a level 2 spell: Ensorcelled Hibernation
   895 | D:1      | Gained mutation: You are afflicted with vampirism and can
                  | become a bat while bloodless. [Vampire growth]
   895 | D:1      | Reached XP level 3. HP: 23/25 MP: 6/6
  1100 | D:2      | Learned a level 3 spell: Confusing Touch
  1247 | D:2      | Reached skill level 1 in Fighting
  1247 | D:2      | Reached skill level 5 in Hexes
  1296 | D:2      | Reached skill level 5 in Stealth
  2353 | D:3      | Identified the +0 leather armour of Leudwiho {Will+}
  2611 | D:3      | Reached XP level 4. HP: 32/32 MP: 4/7
  2920 | D:3      | Found a faded altar of an unknown god.
  2928 | D:3      | Got Plato's Octavo of Permutations
  3091 | D:4      | Noticed a phantom
  3091 | D:4      | Noticed a scorpion
  3135 | D:4      | Noticed an ogre
  3152 | D:4      | Found a sand-covered staircase.
  3175 | D:4      | Slain by an orc wizard

Illustrated notes

Levels and vault maps discovered:
D:1:      minmay_arrival_semitransparent, layout_basic, roderic_roman_lattice
D:2:      layout_basic
D:3:      layout_loops_corners, shapermc_ecumenical_altar_rom_forum
D:4:      layout_rooms, gup_ossuary_entry_pyramid

Skill      XL: |  1  2  3 |
---------------+----------+-----
Fighting       | 1 |  1.3
Hexes          | 5 |  5.1
Stealth        | 5 |  5.1
Short Blades   | 2 |  2.1
Dodging        | |  2.9
Spellcasting   | |  2.0
Ice Magic      | |  0.9

Action                   |  1- 3 |  4- 6 || total
-------------------------+-------+-------++-------
Melee: Dagger            |    94 |    21 ||   115
       Bite              |    10 |     5 ||    15
 Cast: Ensorcelled Hiber |    20 |     5 ||    25
  Use: Scroll            |       |     2 ||     2
 Stab: Sleeping          |    25 |     5 ||    30
Armor: Robe              |    20 |       ||    20
       Leather armour    |       |     3 ||     3
Dodge: Dodged            |    45 |    10 ||    55

Table legend: (Time is in decaauts)
 A = Elapsed time spent in this place.
 B = Non-inter-level travel time spent in this place.
 C = Inter-level travel time spent in this place.
 D = Time resting spent in this place.
 E = Time spent auto-exploring this place.
 F = Levels seen in this place.
 G = Mean time per level.
                   A        B        C        D        E       F      G
               +--------+--------+--------+--------+--------+-----+--------+
         Total |   3165 |   3038 |    127 |     49 |   2575 |   4 |  791.2 |
       Dungeon |   3165 |   3038 |    127 |     49 |   2575 |   4 |  791.2 |
               +--------+--------+--------+--------+--------+-----+--------+

Top non-repeatable levels by time:
     D:2: 1065 daAuts
     D:1: 1048 daAuts
     D:3: 1009 daAuts
     D:4: 42 daAuts
